 Dungeon Crawl Stone Soup version 0.28-a0-1234-g826d19b2e0 (webtiles) character file.

Game seed: 6741838814210700084

977 browni3141 the Chopper (level 7, 0/53 HPs)
             Began as a Palentonga Gladiator on Dec 23, 2021.
             Succumbed to a scorpion's poison
             ... on level 4 of the Dungeon.
             The game lasted 00:07:37 (4811 turns).

browni3141 the Chopper (Palentonga Gladiator)       Turns: 4811, Time: 00:07:38

Health: 0/53       AC: 11    Str: 20    XL:     7   Next: 95%
Magic:  7/7        EV:  6    Int:  8    God:
Gold:   184        SH:  5    Dex: 11    Spells: 6/6 levels left

rFire   . . .      SeeInvis +   a - +0 war axe
rCold   . . .      Faith    .   (no shield)
rNeg    . . .      Spirit   .   e - +0 storm dragon scales
rPois   .          Reflect  +   c - +0 helmet
rElec   +          Harm     .   (no cloak)
rCorr   .          Rampage  .   (no gloves)
Will    .....                   (no barding)
Stlth   ..........              k - amulet of reflection
HPRegen 0.17/turn               (no ring)
MPRegen 0.10/turn               (no ring)

@: mighty, brilliant, lethally poisoned (0 -> -3), attractive, studying Unarmed
Combat
A: large, rugged brown scales 3, see invisible, deformed body, roll 1, armoured
tail, reflexive curl
a: Rolling Charge


You were on level 4 of the Dungeon.
You visited 1 branch of the dungeon, and saw 5 of its levels.

You collected 184 gold pieces.

Inventory:

Hand Weapons
 a - a +0 war axe (weapon)
Missiles
 g - 21 poisoned darts (quivered)
Armour
 b - a +0 leather armour
 c - a +0 helmet (worn)
 e - +0 storm dragon scales (worn)
Jewellery
 k - an amulet of reflection (around neck)
 u - a +4 ring of evasion
Scrolls
 h - 2 scrolls of enchant weapon {unknown}
 i - a scroll of vulnerability {unknown}
 l - 2 scrolls of fear {unknown}
 m - a scroll of magic mapping {unknown}
 n - a scroll of amnesia {unknown}
 o - a scroll of brand weapon {unknown}
 p - a scroll of identify {unknown}
 q - 2 scrolls of teleportation {unknown}
 t - a scroll of fog {unknown}
Potions
 f - a potion of brilliance
 r - a potion of ambrosia {unknown}
 s - a potion of attraction


   Skills:
 - Level 2.0 Fighting
 * Level 7.4 Axes
 - Level 1.3 Throwing
 - Level 5.0 Armour
 - Level 2.4 Dodging


You had 6 spell levels left.
You didn't know any spells.
Your spell library contained the following spells:

 Spells                   Type           Power      Damage    Failure   Level
 Static Discharge         Conj/Air       0%         N/A       99%         2
 Animate Armour           Summ/Erth      0%         N/A       100%        4
 Blade Hands              Tmut           0%         N/A       100%        5
 Lightning Bolt           Conj/Air       0%         1d11      100%        5
 Iron Shot                Conj/Erth      0%         9d1       100%        6
 Maxwell's Capacitive Co  Air            0%         ∞         100%        8


Dungeon Overview and Level Annotations

Branches:
Dungeon (5/15)
 Temple: D:4-7

Altars:
Fedhas
Yredelemnul

Annotations:
D:5 Eustachio, Pikel


Innate Abilities, Weirdness & Mutations

You are completely covered in rugged brown scales. (AC +3, +7% HP)
You have supernaturally acute eyesight. (SInv)
Armour fits poorly on your strangely shaped body.
You can roll at nearby foes to attack.
You have a long armoured tail.
You curl defensively after being hit. (AC +7*)


Message History

The adder barely misses you.
Unknown command.
Unknown command.
You slash the wight!
You destroy the wight!
You slash the adder!
You kill the adder!
You feel sick.
Your life force feels restored.
Unknown command.
Unknown command.
Throw: 2 throwing nets
Press: ? - help, Q - select action, (/) - cycle Shift-Dir - straight line, f - scorpion
Aim: a scorpion (56% to hit)
You throw a throwing net.
The throwing net closely misses the scorpion.
You feel sick. The scorpion stings you.
* * * LOW HITPOINT WARNING * * *
You are lethally poisoned!
The scorpion poisons you!
Throw: throwing net
Press: ? - help, Q - select action, (/) - cycle Shift-Dir - straight line, f/p - scorpion
Aim: a scorpion (56% to hit)
You throw a throwing net.
The throwing net closely misses the scorpion.
* * * LOW HITPOINT WARNING * * *
You feel sick. You block the scorpion's attack.
It was a potion of brilliance.
You feel clever all of a sudden.
* * * LOW HITPOINT WARNING * * *
You feel sick. You block the scorpion's attack.
Unknown command.
It was a potion of attraction.
You feel attractive to monsters.
* * * LOW HITPOINT WARNING * * *
You feel sick. The scorpion barely misses you. You block the scorpion's attack.
Unknown command.
It was a potion of might.
You feel very mighty all of a sudden.
You die...

##########
.........#
.........#########
.........'.....)@#
.........#######s#
...####'## #.#
##).# #.# #.#
##.###'##### #.#
#.........# #.#
###.........# #.#
............# #(#
............# #.#


You could see a scorpion.

Vanquished Creatures
  Sigmund (D:4)
  A lemure (D:4)
  A bullfrog (D:4)
  A scorpion (D:4)
  3 water moccasin skeletons (D:4)
  2 wights (D:4)
  A centaur zombie (D:4)
  A hound (D:5)
  An orc priest (D:3)
  A jelly (D:4)
  A scorpion zombie (D:4)
  3 orc wizards
  A hound zombie (D:4)
  5 gnolls
  9 adders
  2 adder skeletons (D:4)
  2 worms
  2 dart slugs
  9 orcs
  4 ball pythons
  4 bats (D:2)
  7 endoplasms
  3 giant cockroaches (D:4)
  4 goblins
  3 hobgoblins
  2 jackals
  A quokka (D:1)
  A frilled lizard (D:3)
  10 kobolds
  12 rats
98 creatures vanquished.

Notes
Turn   | Place    | Note
-------+----------+-------------------------------------------
     0 | D:1      | browni3141 the Palentonga Gladiator began the quest for the
                  | Orb.
     0 | D:1      | Reached XP level 1. HP: 17/17 MP: 1/1
   261 | D:1      | Reached XP level 2. HP: 16/23 MP: 2/2
   500 | D:1      | Reached skill level 1 in Armour
   850 | D:2      | Found a blossoming altar of Fedhas.
   994 | D:2      | Reached XP level 3. HP: 28/28 MP: 3/3
  1249 | D:2      | Reached skill level 4 in Axes
  1348 | D:2      | Reached XP level 4. HP: 35/35 MP: 4/4
  1614 | D:2      | Found a faded altar of an unknown god.
  1923 | D:3      | You fall into a shaft and drop 1 floor!
  1935 | D:4      | Reached XP level 5. HP: 23/40 MP: 5/5
  2316 | D:4      | Reached skill level 5 in Axes
  2322 | D:4      | Reached XP level 6. HP: 21/47 MP: 6/6
  2996 | D:4      | Noticed Sigmund
  3006 | D:4      | Killed Sigmund
  3007 | D:4      | Reached skill level 6 in Axes
  3007 | D:4      | Gained mutation: You curl defensively after being hit. (AC
                  | +7*) [Palentonga growth]
  3007 | D:4      | Reached XP level 7. HP: 34/53 MP: 7/7
  3256 | D:4      | Found a basalt altar of Yredelemnul.
  3988 | D:5      | Entered Level 5 of the Dungeon
  3988 | D:5      | Noticed Eustachio
  4014 | D:4      | Reached skill level 7 in Axes
  4014 | D:4      | Reached skill level 5 in Armour
  4272 | D:5      | Noticed Pikel
  4810 | D:4      | HP: 1/53 [poisoned by a scorpion]
  4811 | D:4      | Succumbed to a scorpion's poison

Illustrated notes

Levels and vault maps discovered:
D:1:      elethiomel_arrival_shortcut, layout_basic
D:2:      wad_crossroads, layout_rooms, ebering_ecumenical_altar_sacrificial,
          basic_altar
D:3:      layout_loops_cross, minmay_distorted
D:4:      cheibrodos_quashed, layout_basic, lemuel_zombie_altar_yredelemnul,
          minmay_manual_monstrance, uniq_sigmund
D:5:      layout_cave_pools, cheibrodos_worm_habitat,
          mainiacjoe_overflow_boulevard, nicolae_qazlal_general_emergency,
          mainiacjoe_overflow_concentric_impassable,
          minmay_temple_entry_statues_pillars, uniq_pikel,
          uniq_crazy_yiuf_cottage, uniq_eustachio

Skill      XL: |  1  2  3  4  5  6  7 |
---------------+----------------------+-----
Armour         | 1 2 3 4 5 |  5.0
Axes           | 4 5 6 7 |  7.4
Fighting       | |  2.0
Throwing       | |  1.3
Dodging        | |  2.4

Action                   |  1- 3 |  4- 6 |  7- 9 || total
-------------------------+-------+-------+-------++-------
Melee: War axe           |    67 |   120 |   107 ||   294
       Tailslap          |     6 |    15 |    18 ||    39
Throw: Dart              |       |     8 |       ||     8
       Throwing net      |       |     3 |     3 ||     6
 Abil: Rolling Charge    |    20 |    12 |    11 ||    43
  Use: Potion            |       |       |     3 ||     3
 Stab: Held in net/web   |       |     2 |       ||     2
Armor: Storm dragon scal |    37 |    70 |    69 ||   176
Dodge: Dodged            |    15 |    25 |    27 ||    67
Block: Other             |    20 |    29 |    29 ||    78
       Reflection        |       |     1 |     1 ||     2

Table legend: (Time is in decaauts)
 A = Elapsed time spent in this place.
 B = Non-inter-level travel time spent in this place.
 C = Inter-level travel time spent in this place.
 D = Time resting spent in this place.
 E = Time spent auto-exploring this place.
 F = Levels seen in this place.
 G = Mean time per level.
                   A        B        C        D        E       F      G
               +--------+--------+--------+--------+--------+-----+--------+
         Total |   4885 |   4541 |    344 |    899 |   2912 |   5 |  977.0 |
       Dungeon |   4885 |   4541 |    344 |    899 |   2912 |   5 |  977.0 |
               +--------+--------+--------+--------+--------+-----+--------+

Top non-repeatable levels by time:
     D:4: 2181 daAuts
     D:1: 1044 daAuts
     D:2: 878 daAuts
     D:3: 656 daAuts
     D:5: 124 daAuts
